 Dungeon Crawl Stone Soup version 0.28.0-53-g5a82cb258f (webtiles) character file.

Game seed: 1324336269081122746

768 safid the Cleaver (level 7, -1/58 (59) HPs)
             Began as a Hill Orc Fighter on July 14, 2022.
             Was a Follower of Beogh.
             Slain by a wyvern (5 damage)
             ... on level 5 of the Dungeon.
             The game lasted 00:06:56 (4341 turns).

safid the Cleaver (Hill Orc Fighter)                Turns: 4341, Time: 00:06:57

HP:   -1/58 (59)    AC:  9    Str: 21    XL:     7   Next: 82%
MP:   7/7           EV: 13    Int:  8    God:    Beogh [*.....]
Gold: 198           SH:  4    Dex: 10    Spells: 6/6 levels left

rFire   . . .      SeeInvis .   a - +0 war axe
rCold   . . .      Faith    .   c - +0 buckler
rNeg    . . .      Spirit   .   b - +0 scale mail
rPois   .          Reflect  .   (no helmet)
rElec   .          Harm     .   f - +0 cloak
rCorr   .          Rampage  .   (no gloves)
Will    .....                   g - +0 pair of boots
Stlth   ..........              u - amulet of the acrobat
HPRegen 0.19/turn               h - +4 ring of evasion
MPRegen 0.10/turn               (no ring)

@: lightly drained
A: no striking features
a: Renounce Religion


You were on level 5 of the Dungeon.
You worshipped Beogh.
Beogh was aware of your devotion.
You visited 1 branch of the dungeon, and saw 6 of its levels.
You also visited: Sewer.

You collected 198 gold pieces.

Inventory:

Hand Weapons
 a - a +0 war axe (weapon)
Missiles
 m - 5 boomerangs (quivered)
Armour
 b - a +0 scale mail (worn)
 c - a +0 buckler (worn)
 f - a +0 cloak (worn)
 g - a +0 pair of boots (worn)
Jewellery
 h - a +4 ring of evasion (left hand)
 u - an amulet of the acrobat (around neck)
Scrolls
 l - a scroll of magic mapping
 p - 2 scrolls of teleportation
 r - a scroll of summoning
 v - a scroll of blinking
 w - a scroll of fear {unknown}
Potions
 d - 2 potions of might
 j - a potion of mutation {unknown}
 n - 3 potions of resistance
 o - 5 potions of curing
 q - a potion of invisibility {unknown}
 s - a potion of attraction {unknown}
 t - 2 potions of brilliance
 x - a potion of flight {unknown}


   Skills:
 - Level 4.0 Fighting
 + Level 10.5 Axes
 - Level 4.0 Armour
 - Level 4.0 Shields


You had 6 spell levels left.
You didn't know any spells.
Your spell library contained the following spells:

 Spells                   Type           Power      Damage    Failure   Level
 Sublimation of Blood     Necr           0%         N/A       92%         2
 Petrify                  Tmut/Erth      0%         N/A       100%        4
 Fireball                 Conj/Fire      0%         3d3       100%        5
 Irradiate                Conj/Tmut      0%         3d13      100%        5
 Iskenderun's Battlesphe  Conj           0%         2d6       100%        5
 Conjure Ball Lightning   Conj/Air       0%         3x3d6     100%        6
 Orb of Destruction       Conj           0%         9d5       100%        7


Dungeon Overview and Level Annotations

Branches:
Dungeon (6/15)             Temple (0/1) D:4           Sewer (visited)

Altars:


Message History

You barely miss the necrophage. The necrophage hits you.
You feel drained.
The two-headed ogre hits you with a +0 giant club!!
Ouch! That really hurt!
The two-headed ogre closely misses you.
You are too injured to fight recklessly!
You are too injured to fight recklessly!
You are too injured to fight recklessly!
You are too injured to fight recklessly!
You are too injured to fight recklessly!
You are too injured to fight recklessly!
There are monsters nearby!
The wyvern misses you.
Things that are here:
a +0 club; an orc corpse The wyvern completely misses you.
The wyvern completely misses you.
There is an open door here.
The wyvern completely misses you. The wyvern barely misses you.
There is an open door here.
The wyvern barely misses you. The wyvern bites you!
* * * LOW HITPOINT WARNING * * *
The wyvern bites you but does no damage.
The wyvern closely misses you.
There is a stone staircase leading up here.
Things that are here:
2 scrolls of noise; a scroll of immolation You block the wyvern's attack.
You climb upwards.
There is a stone staircase leading down here.
You closely miss the wyvern. The wyvern bites you.
* * * LOW HITPOINT WARNING * * *
You closely miss the wyvern. The wyvern bites you!
* * * LOW HITPOINT WARNING * * *
The wyvern barely misses you.
You slash the wyvern!
The wyvern is moderately wounded.
The wyvern barely misses you. The wyvern bites you.
You die...

####### #@l...#
#.###.############
#.#...............
#.#.#.############
#.....##....#.....
###.####.##.#.####
#.# #.##.#.# #
##############.#
#.##.#.# #
#...........##.#
#.##.#.# #


You could see a wyvern.

Vanquished Creatures
  An ogre (D:5)
  3 kobold brigands (Sewer)
  A scorpion (D:5)
  A howler monkey (D:4)
  A bullfrog zombie (D:5)
  An orc priest (D:4)
  A bullfrog skeleton (D:3)
  2 iguanas (D:5)
  3 gnolls (D:4)
  4 adders
  A howler monkey skeleton (D:5)
  2 river rats (D:3)
  A white imp (D:5)
  2 worms
  A dart slug (D:1)
  14 orcs
  11 ball pythons
  12 endoplasms
  2 giant cockroaches
  13 goblins
  12 hobgoblins
  6 quokkas
  7 bats
  4 frilled lizards
  21 kobolds
  8 rats
135 creatures vanquished.

Vanquished Creatures (others)
  A quokka (D:4)
  A plant (D:4)
2 creatures vanquished.

Grand Total: 137 creatures vanquished

Notes
Turn   | Place    | Note
-------+----------+-------------------------------------------
     0 | D:1      | safid the Hill Orc Fighter began the quest for the Orb.
     0 | D:1      | Reached XP level 1. HP: 19/19 MP: 1/1
    17 | D:1      | Reached XP level 2. HP: 27/27 MP: 2/2
    19 | D:1      | Reached skill level 3 in Axes
   285 | D:1      | Reached XP level 3. HP: 33/33 MP: 3/3
   895 | D:2      | Found a faded altar of an unknown god.
  1221 | D:3      | Reached XP level 4. HP: 40/40 MP: 4/4
  1262 | D:3      | Reached skill level 4 in Axes
  1320 | D:3      | Found a glowing drain.
  1324 | Sewer    | Entered a sewer
  1519 | Sewer    | Reached skill level 5 in Axes
  1659 | Sewer    | Reached XP level 5. HP: 34/46 MP: 5/5
  1955 | Sewer    | Noticed a kobold brigand
  1971 | Sewer    | Killed a kobold brigand
  1972 | Sewer    | Reached skill level 6 in Axes
  2142 | Sewer    | Noticed a kobold brigand
  2142 | Sewer    | Noticed a kobold brigand
  2152 | Sewer    | Killed a kobold brigand
  2153 | Sewer    | Reached skill level 7 in Axes
  2153 | Sewer    | Reached XP level 6. HP: 47/52 MP: 6/6
  2351 | D:3      | Reached skill level 8 in Axes
  2784 | D:4      | Became a worshipper of Beogh the Brigand
  2798 | D:4      | Reached XP level 7. HP: 44/59 MP: 7/7
  2951 | D:4      | Found a staircase to the Ecumenical Temple.
  3048 | D:4      | Reached skill level 9 in Axes
  3474 | D:5      | Entered Level 5 of the Dungeon
  3482 | D:5      | Reached * piety under Beogh
  3689 | D:5      | Reached skill level 10 in Axes
  4315 | D:6      | Noticed a two-headed ogre
  4316 | D:6      | Noticed a wyvern
  4341 | D:5      | Slain by a wyvern

Illustrated notes

Levels and vault maps discovered:
D:1:      minmay_arrival_diagonal_passages, layout_rooms
D:2:      layout_rooms, shapermc_ecumenical_altar_petra
D:3:      layout_basic, gup_sewer_entry_spiral
D:4:      corexii_shantytown, layout_cave_pools,
          minmay_temple_entry_antechambers, kennysheep_generic_room_4
D:5:      layout_loops_ring
D:6:      layout_gridville

Skill      XL: |  1  2  3  4  5  6  7 |
---------------+----------------------+-----
Axes           | 3 5 7 8 10 | 10.5
Fighting       | 4 |  4.0
Armour         | 4 |  4.0
Shields        | 4 |  4.0

Action                   |  1- 3 |  4- 6 |  7- 9 || total
-------------------------+-------+-------+-------++-------
Melee: War axe           |   140 |   233 |    92 ||   465
Invok: Convert to Beogh  |       |     1 |       ||     1
  Use: Scroll            |       |       |     8 ||     8
Armor: Scale mail        |    84 |    61 |    20 ||   165
Dodge: Dodged            |    89 |   123 |    52 ||   264
Block: Buckler           |    34 |    42 |     9 ||    85
